 Dungeon Crawl Stone Soup version 0.21-a0-26-g7b23a2f (webtiles) character file.

75 4thArraOfDagon the Bolt Thrower (level 4, 0/32 HPs)
             Began as a Barachi Arcane Marksman on May 25, 2017.
             Slain by a hound (2 damage)
             ... on level 4 of the Dungeon.
             The game lasted 00:02:21 (426 turns).

4thArraOfDagon the Bolt Thrower (BaAM)               Turns: 426, Time: 00:02:21

Health: 0/32       AC:  5    Str: 12    XL:     4   Next: 31%
Magic:  5/5        EV: 11    Int: 14    God:
Gold:   20         SH:  0    Dex: 12    Spells: 4/5 levels left

rFire    . . .     SeeInvis .   a - +0 hand crossbow
rCold    . . .     Gourm    .   (no shield)
rNeg     . . .     Faith    .   h - +0 ring mail
rPois    .         Spirit   .   (no helmet)
rElec    .         Reflect  .   (no cloak)
rCorr    .         Harm     .   (no gloves)
MR       .....                  (no boots)
Stlth    ++........             (no amulet)
Regen    0.1/turn               i - ring of stealth
MPRegen  0.1/turn               (no ring)

@: slow
A: +LOS, swims, slowness 1, strong legs 1
a: Hop


You were on level 4 of the Dungeon.
You were not hungry.

You visited 1 branch of the dungeon, and saw 4 of its levels.

You collected 20 gold pieces.

Inventory:

Hand Weapons
 a - a +0 hand crossbow (weapon)
Missiles
 d - 2 bolts (quivered)
Armour
 e - a +0 robe
 h - a +0 ring mail (worn)
Jewellery
 i - a ring of stealth (left hand)
Scrolls
 b - 2 scrolls of remove curse {unknown}
 g - a scroll of fog {unknown}
 j - a scroll of identify {unknown}
 k - a scroll of random uselessness {unknown}
Books
 c - a book of Debilitation

   Spells                             Type                      Level
   a - Corona                         Hexes                        1
   b - Slow                           Hexes                        2
   c - Inner Flame                    Hexes/Fire                   3
   d - Portal Projectile              Hexes/Translocation          3
   e - Cause Fear                     Hexes                        4
   f - Leda's Liquefaction            Hexes/Earth                  4
Comestibles
 f - a bread ration


   Skills:
 - Level 1.2 Fighting
 * Level 4.4 Crossbows
 - Level 2.1 Dodging
 - Level 1.1 Spellcasting
 - Level 3.2 Hexes


You had 4 spell levels left.
You knew the following spells:

 Your Spells              Type           Power        Failure   Level  Hunger
a - Corona                Hex            #......      16%         1    ##.....


Dungeon Overview and Level Annotations

Branches:
Dungeon (4/15)
 Temple: D:4-7

Altars:


Innate Abilities, Weirdness & Mutations

Shadows flee at your approach. (+LOS)
You can swim through water.
You cover ground slowly.
You can hop short distances.


Message History

Press: ? - help, Shift-Dir - straight line, f/p - hound
Aim: a hound (lightly wounded)
You shoot a bolt. The bolt hits the hound.
The hound is moderately wounded.
The hound closely misses you. The hound barely misses you.
Unknown command.
Firing (i - inventory):
d - 4 bolts (quivered)
Press: ? - help, Shift-Dir - straight line, f/p - hound
Aim: a hound (moderately wounded)
You shoot a bolt. The bolt completely misses the hound.
The hound bites you.
* * * LOW HITPOINT WARNING * * *
The hound bites you but does no damage.
Unknown command.
Firing (i - inventory):
d - 3 bolts (quivered)
Press: ? - help, Shift-Dir - straight line, f/p - hound
Aim: a hound (moderately wounded)
You shoot a bolt. The bolt hits the hound.
The hound is moderately wounded.
The hound bites you.
You die...

... #######.#
......#.######## #
................
..
.####.#.#########
.#
......<(.).))(.(#
..#
.#####.#######..##
...# .... #...#
....# ###.#.
##.#@####.....#
..#.#
#....h(.(...# ###
# #####.###(###
.... .. ..##... ##
## ##... ..#.
#.#.# .# #


You could see a hound.

Vanquished Creatures
  3 gnolls
  An adder (D:3)
  An ooze (D:1)
  2 dart slugs (D:1)
  3 orcs (D:4)
  3 giant cockroaches
  3 goblins
  3 jackals (D:3)
  3 kobolds
  A bat (D:1)
  3 rats
26 creatures vanquished.

Notes
Turn   | Place    | Note
-------+----------+-------------------------------------------
     0 | D:1      | 4thArraOfDagon the Barachi Arcane Marksman began the quest for the Orb.
     0 | D:1      | Reached XP level 1. HP: 15/15 MP: 2/2
    99 | D:1      | Reached XP level 2. HP: 21/21 MP: 3/3
   107 | D:1      | Reached skill level 3 in Crossbows
   197 | D:1      | Reached XP level 3. HP: 26/26 MP: 4/4
   345 | D:4      | Reached skill level 4 in Crossbows
   374 | D:4      | Reached XP level 4. HP: 6/32 MP: 5/5
   426 | D:4      | Slain by a hound

Vault maps used:
D:1:      minmay_arrival_three_doors
D:2:      minmay_door_square
D:3:      nicolae_qazlal_general_emergency, chequers_ecumenical_altar_simple,
          first_bread, uniq_ijyb, uniq_crazy_yiuf_cottage
D:4:      serial_shops, shop

Skill      XL: |  1  2  3 |
---------------+----------+-----
Crossbows      | 3 4 |  4.4
Fighting       | |  1.2
Dodging        | |  2.1
Spellcasting   | |  1.1
Hexes          | |  3.2

Action                   |  1- 3 |  4- 6 || total
-------------------------+-------+-------++-------
 Fire: Hand crossbow     |    49 |    14 ||    63
Armor: Robe              |     2 |       ||     2
       Ring mail         |     4 |     4 ||     8
Dodge: Dodged            |    11 |     6 ||    17
